 Dungeon Crawl Stone Soup version 0.29-a0-866-g0545e20025 (webtiles) character file.

Game seed: 13246170883009395516

581048 Querens the Impregnable (level 27, -8/254 HPs)
             Began as a Meteoran Fighter on July 17, 2022.
             Was a High Priest of Okawaru.
             Killed from afar by Waucayc the pandemonium lord (44 damage)
             ... with an orb of electricity
             ... in Pandemonium.
             The game lasted 02:32:49 (29403 turns).

Querens the Impregnable (Meteoran Fighter)         Turns: 29403, Time: 02:32:49

Health: -8/254     AC: 43    Str: 30    XL:     27
Magic:  60/60      EV: 16    Int: 15    God:    Okawaru [*****.]
Gold:   3552       SH: 30    Dex: 22    Spells: 44/54 levels left

rFire   + + +      SeeInvis .   c - +3 broad axe of Zierich {vorpal, rPois}
rCold   + + .      Faith    .   a - +3 tower shield of Qocwicoe {rF++ rC+ Str-4}
rNeg    + + .      Spirit   .   t - +7 gold dragon scales
rPois   +          Reflect  .   M - +0 helmet of Ezef {Dex+5}
rElec   .          Harm     .   j - +1 cloak "Vog Dis" {rPois MP+9 Dex+2}
rCorr   +          Rampage  .   o - +1 pair of gloves
Will    +++..      Clarity  +   F - +1 pair of boots "Xaes" {rN++}
Stlth   .......... NoTele   +   z - amulet "Saewykorch" {RegenMP rF+ Regen+ MP+9}
HPRegen 1.32/turn               W - ring of Democracy {AC+4 Str+4 Int+2}
MPRegen 0.77/turn               O - ring "Zymaol" {rCorr EV+4 Str+2}

@: heroic, finesse-ful, untranslocatable, glowing, studying 2 skills
A: sense surroundings 3, otherworldly, glowing, explore regen, clarity, deformed
body, deterioration 1, screaming 1, weak 1
}: 5/15 runes: barnacled, slimy, silver, abyssal, gossamer
a: Renounce Religion, Heroism, Finesse, Duel


You were in Pandemonium.
You worshipped Okawaru.
Okawaru was extremely pleased with you.
You visited 10 branches of the dungeon, and saw 47 of its levels.
You visited Pandemonium 1 time, and saw 4 of its levels.
You visited the Abyss 3 times.
You also visited: Sewer and Gauntlet.

You collected 7651 gold pieces.
You spent 4099 gold pieces at shops.

Inventory:

Hand Weapons
 c - the +3 broad axe of Zierich (weapon) {vorpal, rPois}
   (You found it on level 11 of the Dungeon)

   It inflicts extra damage upon your enemies.
   rPois:     It protects you from poison.
 k - a +5 broad axe of electrocution
Missiles
 l - a throwing net (quivered)
Armour
 a - the +3 tower shield of Qocwicoe (worn) {rF++ rC+ Str-4}
   (Okawaru gifted it to you on level 5 of the Pits of Slime)

   Str:       It affects your strength (-4).
   rF:        It greatly protects you from fire.
   rC:        It protects you from cold.
 j - the +1 cloak "Vog Dis" (worn) {rPois MP+9 Dex+2}
   (You bought it in a shop on level 2 of the Shoals)

   Dex:       It affects your dexterity (+2).
   rPois:     It protects you from poison.
   MP:        It affects your magic capacity (+9).
 o - a +1 pair of gloves (worn)
 t - +7 gold dragon scales (worn)
 B - a +0 pair of boots of rampaging
 F - the +1 pair of boots "Xaes" (worn) {rN++}
   (Okawaru gifted it to you on level 4 of the Depths)

   rN:        It greatly protects you from negative energy.
 M - the +0 helmet of Ezef (worn) {Dex+5}
   (You found it in a Gauntlet)

   Dex:       It affects your dexterity (+5).
 Q - a +2 kite shield of positive energy
Jewellery
 h - a ring of flight
 m - a ring of protection from fire
 y - a +6 ring of strength
 z - the amulet "Saewykorch" (around neck) {RegenMP rF+ Regen+ MP+9}
   (You bought it in a shop on level 3 of the Depths)

   [amulet of magic regeneration]

   It increases your rate of magic regeneration.
   rF:        It protects you from fire.
   MP:        It affects your magic capacity (+9).
   Regen:     It increases your rate of health regeneration.
 C - a ring of protection from cold
 D - a ring of see invisible
 N - a ring of magical power
 O - the ring "Zymaol" (right hand) {rCorr EV+4 Str+2}
   (You found it in a Gauntlet)

   [ring of evasion]

   EV:        It affects your evasion (+4).
   Str:       It affects your strength (+2).
   rCorr:     It protects you from acid and corrosion.
 W - the ring of Democracy (left hand) {AC+4 Str+4 Int+2}
   (You took it off a minotaur in a Gauntlet)

   [ring of protection]

   AC:        It affects your AC (+4).
   Str:       It affects your strength (+4).
   Int:       It affects your intelligence (+2).
 Y - a ring of positive energy
 Z - a ring of resist corrosion
Scrolls
 b - 8 scrolls of immolation
 g - 17 scrolls of teleportation
 n - 5 scrolls of poison
 r - 14 scrolls of enchant weapon
 v - 12 scrolls of blinking
 x - 8 scrolls of fog
 A - 7 scrolls of fear
 E - 6 scrolls of magic mapping
 H - 9 scrolls of identify
 K - 3 scrolls of silence
 X - 7 scrolls of brand weapon
Potions
 d - 13 potions of might
 e - 12 potions of heal wounds
 f - 8 potions of mutation
 i - 13 potions of curing
 p - 11 potions of brilliance
 q - 9 potions of ambrosia
 s - 8 potions of haste
 u - 8 potions of cancellation
 w - 10 potions of attraction
 G - 3 potions of lignification
 J - 3 potions of invisibility
 L - 5 potions of magic
 R - 9 potions of flight
 S - 3 potions of berserk rage
 V - 3 potions of resistance


   Skills:
 + Level 21.9(26.9) Fighting
 + Level 23.5(27) Axes
 + Level 24.4(27) Armour
 - Level 1.0(6.0) Dodging
 + Level 23.6(27) Shields
 + Level 14.1 Spellcasting
 + Level 15.7 Necromancy
 + Level 14.0 Transmutations
 - Level 12.0 Invocations


You had 44 spell levels left.
You knew the following spells:

 Your Spells              Type           Power      Damage    Failure   Level
a - Wereblood             Tmut           52%        N/A       1%          2
b - Necromutation         Tmut/Necr      26%        N/A       99%         8

Your spell library contained the following spells:

 Spells                   Type           Power      Damage    Failure   Level
 Beastly Appendage        Tmut           100%       N/A       1%          1
 Necrotise                Necr           100%       1d9       1%          1
 Sting                    Tmut/Pois      100%       1d8       1%          1
 Sublimation of Blood     Necr           55%        N/A       1%          2
 Vampiric Draining        Necr           55%        2d9       1%          3
 Agony                    Necr           55%        N/A       1%          5
 Passwall                 Tmut/Erth      25%        N/A       2%          2
 Blade Hands              Tmut           26%        N/A       2%          5
 Spider Form              Tmut/Pois      31%        N/A       5%          3
 Anguish                  Hex/Necr       17%        N/A       13%         4
 Ignite Poison            Fire/Tmut/Pois 24%        N/A       14%         3
 Ice Form                 Ice/Tmut       31%        N/A       19%         4
 Petrify                  Tmut/Erth      31%        N/A       19%         4
 Apportation              Tloc           20%        N/A       32%         1
 Foxfire                  Conj/Fire      40%        2x1d6     32%         1
 Magic Dart               Conj           40%        1d5       32%         1
 Shock                    Conj/Air       40%        1d5       32%         1
 Corpse Rot               Necr/Pois/Air  26%        N/A       36%         4
 Blink                    Tloc           20%        N/A       45%         2
 Ensorcelled Hibernation  Hex/Ice        20%        N/A       45%         2
 Poisonous Vapours        Pois/Air       20%        N/A       45%         2
 Scorch                   Fire           20%        2d6       45%         2
 Searing Ray              Conj           20%        2d5       45%         2
 Static Discharge         Conj/Air       10%        3-5/arc   45%         2
 Alistair's Intoxication  Tmut/Pois      20%        N/A       45%         5
 Irradiate                Conj/Tmut      15%        3d16      45%         5
 Yara's Violent Unravell  Hex/Tmut       15%        3d8       45%         5
 Dragon Form              Tmut           26%        N/A       65%         7
 Confusing Touch          Hex            10%        N/A       69%         3
 Inner Flame              Hex/Fire       10%        N/A       69%         3
 Lesser Beckoning         Tloc           10%        N/A       69%         3
 Mephitic Cloud           Conj/Pois/Air  10%        N/A       69%         3
 Portal Projectile        Hex/Tloc       20%        N/A       69%         3
 Swiftness                Air            10%        N/A       69%         3
 Statue Form              Tmut/Erth      20%        N/A       96%         6
 Airstrike                Air            5%         0-3+      97%         4
 Cause Fear               Hex            5%         N/A       97%         4
 Flame Wave               Conj/Fire      10%        2d5       97%         4
 Fulminant Prism          Conj/Hex       5%         3d7       97%         4
 Hailstorm                Conj/Ice       10%        3d5       97%         4
 Iskenderun's Mystic Bla  Conj/Tloc      10%        2d4       97%         4
 Passage of Golubria      Tloc           10%        N/A       97%         4
 Borgnjor's Revivificati  Necr           27%        N/A       98%         8
 Freezing Cloud           Conj/Ice/Air   5%         6-21      100%        5
 Iskenderun's Battlesphe  Conj           10%        2d6       100%        5
 Lee's Rapid Deconstruct  Erth           5%         3d7*      100%        5
 Lightning Bolt           Conj/Air       5%         1d17      100%        5
 Manifold Assault         Tloc           10%        N/A       100%        5
 Silence                  Hex/Air        5%         N/A       100%        5
 Iron Shot                Conj/Erth      5%         9d2       100%        6
 Enfeeble                 Hex            5%         N/A       100%        7
 Orb of Destruction       Conj           5%         9d5       100%        7
 Storm Form               Tmut/Air       15%        N/A       100%        7
 Discord                  Hex            5%         N/A       100%        8
 Disjunction              Tloc           5%         N/A       100%        8
 Lehudib's Crystal Spear  Conj/Erth      5%         10d3      100%        8
 Maxwell's Capacitive Co  Air            5%         ∞         100%        8
 Chain Lightning          Conj/Air       5%         3d6       100%        9
 Death's Door             Necr           27%        N/A       100%        9
 Fire Storm               Conj/Fire      5%         8d1       100%        9
 Shatter                  Erth           5%         3d8*      100%        9
 Animate Dead             Necr           Unusable   N/A       N/A         4
 Summon Small Mammal      Summ           Unusable   N/A       N/A         1
 Summon Guardian Golem    Hex/Summ       Unusable   N/A       N/A         3
 Tukima's Dance           Hex            Unusable   N/A       N/A         3
 Simulacrum               Ice/Necr       Unusable   N/A       N/A         6
 Summon Cactus Giant      Summ           Unusable   N/A       N/A         6
 Spellforged Servitor     Conj/Summ      Unusable   N/A       N/A         7

Dungeon Overview and Level Annotations

Branches:
Dungeon (15/15) Zot: 536   Temple (1/1) D:5 Zot: 559    Lair (6/6) D:11 Zot: 185
 Shoals (4/4) Lair:2 Zot: 60  Spider (4/4) Lair:2 Zot: 143   Slime (5/5) Lair:6 Zot: 2040
    Orc (2/2) D:10 Zot: 165     Elf (0/3) Orc:2        Vaults (5/5) D:14 Zot: 147
  Crypt (0/3) Vaults:3     Depths (4/4) D:15 Zot: 88     Zot (1/5) Depths:4 Zot: 544
  Sewer (visited)         Gauntlet (visited)

Altars:
Ashenzari
Cheibriados
Dithmenos
Elyvilon
Fedhas
Gozag
Hepliaklqana
Kikubaaqudgha
Makhleb
Nemelex Xobeh
Okawaru
Qazlal
Ru
Sif Muna
Trog
Uskayaw
Vehumet
Wu Jian
Xom
Yredelemnul
Zin
The Shining One
Jiyva
Lugonu

Shops:
D:5 :   D:9 ?   Orc:2 =*:!   Shoals:1 (   Shoals:2 *:[(=   Depths:1 =::
Depths:2 :   Depths:3 =[

Portals:
Hell: Depths:1 Depths:2 Depths:3 Depths:4
Abyss: Depths:2 Depths:3
Pandemonium: Depths:2
Ziggurat: Depths:1

Annotations:
D:10 exclusion: obsidian statue
Shoals:3 Roxanne


Innate Abilities, Weirdness & Mutations

You passively map a large area around you.
You are easily found by Zot.
You glow in the dark.
You regain HP and MP as you explore.
You possess an exceptional clarity of mind.
Armour fits poorly on your strangely shaped body.
Your body sometimes deteriorates upon taking damage.
You occasionally shout uncontrollably at your foes.
You are weak. (Str -2)


Message History

The demonspawn corrupter is severely wounded.
The cacodemon shouts!
You slice the war gargoyle!!
You destroy the war gargoyle!
The war gargoyle disappears in a puff of smoke!
Unknown command.
Unknown command.
You hit the demonspawn corrupter.
The demonspawn corrupter is severely wounded.
Unknown command.
Unknown command.
You slash the demonspawn corrupter!
The demonspawn corrupter is almost dead.
You block the demonspawn corrupter's attack. x2
A Tzitzimitl comes into view.
A soul eater comes into view.
A Hell Sentinel comes into view.
Waucayc gestures at you.
You feel firmly anchored in space.
Unknown command.
The Tzitzimitl roars!
You slash the demonspawn corrupter!
You kill the demonspawn corrupter!
Okawaru accepts your kill.
You hear a hideous shriek!
You hear a screech!
Unknown command.
Unknown command.
Waucayc conjures an orb of pure magic.
The Tzitzimitl calls on the powers of darkness!
Your body is wracked with pain!
* * * LOW HITPOINT WARNING * * *
An orb of destruction comes into view.
The wavering orb of destruction hits Waucayc!!!
There is a gate leading to another region of Pandemonium here.
Waucayc gestures at you.
The orb of electricity explodes!
The orb of electricity engulfs you!!!
* * * LOW HITPOINT WARNING * * *
The orb of electricity engulfs Waucayc.
Waucayc completely resists.
Waucayc gestures at you.
The orb of electricity explodes!
The orb of electricity engulfs you!!!
You die...

, , , *, ,,, ^......# **
#######.##############.....#
,#....................#.....#
,,
#..#.#.#.#.#.#.#.#.#.#.....#
,
#....................#.....#
.#..#.#.#.#.#.#.#.#.#.# ....#
........§§............####..#
,
........§§§§..........#..#..#
.832...§§4&.@............'...
,
......){§§{§..........#..#...
.......4§§§§..........#######
.#11#################.# , ,#.
, , #.# , , # * , ,,,#.# * ,
,, , ..# * * * * * ###


You could see Waucayc and an orange demon.

Vanquished Creatures
  the Royal Jelly (Slime:5)
  A dread lich (Vaults:5)
  Mennas (Vaults:5)
  2 caustic shrikes (Depths:2)
  Saint Roka (Vaults:1)
  Frederick (Vaults:3)
  Margery (Vaults:5)
  6 golden dragons
  Nikola (Vaults:3)
  A profane servitor (Abyss:2)
  7 bone dragons
  3 pandemonium lords (Pan)
  A Brimstone Fiend (Pan)
  Arachne (Spider:2)
  4 hellephants (Depths:1)
  2 Ice Fiends (Pan)
  Asterion (Spider:2)
  3 titans
  6 tentacled monstrosities
  4 liches
  3 quicksilver dragons (Vaults:5)
  2 walking earthen tomes
  A walking divine tome (Depths:2)
  A walking frostbound tome (Depths:2)
  14 acid blobs
  9 tentacled starspawn
  An Executioner (Pan)
  5 sphinxes
  Kirke (D:15)
  2 shadow dragons (Vaults:5)
  Agnes (Spider:2)
  5 storm dragons
  Gastronok (D:8)
  Donald (Vaults:3)
  6 tengu reavers
  4 azure jellies
  5 fire giants
  6 rockslimes (Slime:5)
  A revenant (Abyss:2)
  A draconian knight (Depths:4)
  2 demonspawn warmongers (Pan)
  A deep elf sorcerer (Vaults:5)
  16 vault wardens
  The ghost of Xucyli Xukhlo the Convoker, an adept TeSu of Sif Muna (Lair:3)
  The ghost of Xucyli Xukhlo the Convoker, an adept TeSu of Sif Muna (Lair:3)
  2 balrugs
  4 iron dragons
  A fire giant (shapeshifter) (Vaults:5)
  5 frost giants
  An orc warlord (Vaults:4)
  2 ghost moths
  4 emperor scorpions
  Louise (D:15)
  A draconian annihilator (Depths:4)
  29 very ugly things
  14 ironbound preservers
  4 spriggan defenders
  An elemental wellspring (Shoals:3)
  15 stone giants
  2 demonspawn corrupters (Pan)
  7 quicksilver oozes
  A broodmother (Spider:4)
  5 ironbound thunderhulks
  5 war gargoyles
  2 demonspawn black suns
  2 vampire knights
  2 lorocyprocas (Pan)
  An ophan (Abyss:2)
  A purple draconian (Depths:4)
  A minotaur (Gauntlet)
  6 entropy weavers
  A deep elf demonologist (Vaults:5)
  Azrael (Spider:1)
  A yellow draconian (Depths:4)
  A bunyip (shapeshifter) (Depths:2)
  A red draconian (Depths:4)
  4 spark wasps
  3 dire elephants (Vaults:3)
  An eidolon (Abyss:3)
  3 jiangshi (Depths:4)
  The ghost of Casuohi the Thaumaturge, a journeyman DjCj of Okawaru (D:13)
  A blizzard demon (Gauntlet)
  12 ettins
  11 fire dragons
  2 merfolk javelineers (Shoals:4)
  4 merfolk impalers
  18 yaktaur captains
  2 crystal guardians
  Josephine (Orc:1)
  3 green deaths
  Fannar (Orc:1)
  5 ice dragons
  4 rakshasas
  7 boulder beetles
  34 vault guards
  A hell beast (Pan)
  7 great orbs of eyes
  10 hydras
  An ogre mage (Vaults:5)
  2 jorogumos (Spider:2)
  A jorogumo (shapeshifter) (Vaults:5)
  A salamander tyrant (Depths:4)
  10 ironbound frosthearts
  A merfolk avatar (Lair:6)
  3 peacekeepers
  14 centaur warriors
  2 spriggan air magi
  A catoblepas (D:14)
  6 deep troll shamans
  A death knight (D:14)
  2 tengu warriors
  A satyr (shapeshifter) (Vaults:5)
  6 hell hogs
  8 merfolk aquamancers
  5 two-headed ogres
  2 alligator snapping turtles
  4 death yaks (Lair:5)
  6 death scarabs (Spider:4)
  8 orc high priests
  A satyr (Shoals:2)
  3 deep troll earth magi
  14 thrashing horrors
  7 spriggan berserkers
  Nergalle (Lair:2)
  2 vampire magi
  10 hell knights
  12 soul eaters
  Urug (Lair:2)
  12 sun demons
  8 spriggans
  4 iron trolls
  A fire crab (Lair:5)
  12 pharaoh ants
  Amaemon (Lair:2)
  12 sea snakes
  3 spatial maelstroms
  8 wretched stars
  4 sixfirhies
  3 sun moths
  33 deep trolls
  10 skeletal warriors
  9 steelbarb worms
  A flayed ghost (D:14)
  2 orange crystal statues (Abyss:4)
  6 wizards
  10 orb spiders
  3 glowing orange brains
  2 lindwurms (Vaults:1)
  4 phantasmal warriors
  16 ironbound convokers
  A spectral wolf spider (Spider:4)
  3 orc knights (Vaults:4)
  2 wolf spider zombies
  A deep elf zephyrmancer (D:15)
  3 orc sorcerers
  19 wolf spiders
  A harpy (shapeshifter) (D:13)
  9 harpies
  4 necromancers
  3 shining eyes (Slime:5)
  4 salamanders (Depths:4)
  30 ugly things
  21 fauns
  2 deep elf pyromancers (D:12)
  7 cyclopes
  4 moths of wrath
  A spectral centaur (D:13)
  An elephant (shapeshifter) (D:15)
  6 black mambas
  4 centaur zombies
  17 manticores
  A rust devil (Depths:2)
  An apocalypse crab (Abyss:3)
  3 eyes of devastation
  10 elephants
  A water nymph (shapeshifter) (Vaults:5)
  5 merfolk sirens
  5 torpor snails
  12 water nymphs
  A centaur skeleton (D:15)
  6 smoke demons
  14 cane toads
  2 orange demons
  19 vault sentinels
  2 gargoyles
  4 hellions
  4 demonic crawlers
  An unseen horror (shapeshifter) (Lair:2)
  A rime drake (shapeshifter) (Abyss:3)
  4 rime drakes
  2 unseen horrors
  A yaktaur (shapeshifter) (Vaults:5)
  36 yaktaurs
  A kobold demonologist (D:11)
  3 redback zombies
  4 efreet
  2 tormentors (Pan)
  3 freezing wraiths
  11 komodo dragons
  2 tengu conjurers
  6 ancient zymes
  2 ice devils
  24 merfolk
  A silent spectre (Abyss:3)
  7 trolls
  24 tarantellas
  3 polar bears
  A wolf spider simulacrum (D:13)
  12 wind drakes
  9 hornets
  4 spectral jumping spiders (Spider:4)
  A tarantella zombie (Spider:4)
  6 meliai
  11 snapping turtles
  5 blink frogs
  98 slime creatures
  3 spectral tarantellas (Spider:4)
  19 dream sheep
  2 raiju
  A dream sheep (shapeshifter) (Vaults:5)
  19 culicivoras
  29 jumping spiders
  4 jumping spider zombies (Spider:4)
  A centaur simulacrum (D:15)
  7 flying skulls
  A shadow (D:12)
  5 vampires
  32 water elementals
  5 air elementals (Shoals:4)
  7 wyverns
  7 ynoxinuls
  3 fire elementals (Spider:1)
  52 yaks
  11 chaos spawn
  15 golden eyes
  2 humans (D:15)
  9 wraiths
  48 redbacks
  3 basilisks
  A fire bat (Abyss:2)
  3 hogs (D:15)
  A steam dragon (D:9)
  10 neqoxecs
  8 vampire mosquitoes
  7 wargs
  3 spatial vortices
  2 acid dragons
  23 large abominations
  29 water moccasins
  A spectral hornet (D:13)
  4 hell hounds
  23 small abominations
  23 orc warriors
  3 sky beasts (D:7)
  A hornet zombie (D:13)
  3 black bears
  2 ogres (Orc:2)
  5 centaurs
  30 wolves
  A boggart (Vaults:3)
  2 phantoms
  12 kobold brigands
  2 necrophages
  10 bullfrogs
  A gnoll sergeant (D:9)
  5 scorpions
  7 wights
  7 killer bees
  6 howler monkeys
  7 electric eels
  37 starcursed masses
  3 quasits
  5 hounds
  2 iron imps (Abyss:2)
  10 jellies
  47 orc priests
  A gnoll bouda (D:8)
  6 iguanas
  21 orc wizards
  A boggart simulacrum (D:13)
  20 gnolls
  12 adders
  4 shadow imps
  6 white imps
  An ufetubus (Abyss:2)
  4 worms
  A dart slug (D:3)
  92 orcs
  15 ball pythons
  3 bats
  16 endoplasms
  10 giant cockroaches
  6 goblins
  3 hobgoblins
  4 jackals (D:4)
  8 quokkas
  5 frilled lizards
  48 kobolds
  8 rats
  2 lurking horrors (Abyss:3)
  8 starspawn tentacles
2152 creatures vanquished.

Vanquished Creatures (others)
  A steelbarb worm (Spider:1)
  A wolf spider (Spider:2)
  A moth of wrath (Spider:1)
  A worldbinder (Abyss:2)
  A demonic crawler (Spider:1)
  A hornet (Depths:2)
  A water elemental (Shoals:4)
  2 chaos spawn (Pan)
  A bush (Abyss:3)
  5 demonic plants
  32 fungi
  66 plants
  15 starspawn tentacles
  7 toadstools (D:5)
  8 withered plants
143 creatures vanquished.

Grand Total: 2295 creatures vanquished

Notes
Turn   | Place    | Note
-------+----------+-------------------------------------------
     0 | D:1      | Querens the Meteoran Fighter began the quest for the Orb.
     0 | D:1      | Reached XP level 1. HP: 19/19 MP: 2/2
   201 | D:1      | Reached XP level 2. HP: 15/26 MP: 3/3
   322 | D:1      | Reached XP level 3. HP: 31/31 MP: 4/4
   472 | D:2      | Reached skill level 4 in Armour
   617 | D:2      | Reached XP level 4. HP: 40/40 MP: 5/5
   814 | D:2      | Reached skill level 1 in Dodging
  1044 | D:2      | Glimpsed the power of Zot.
  1171 | D:3      | Reached XP level 5. HP: 40/46 MP: 4/6
  1193 | D:3      | Found a shimmering altar of Xom.
  1200 | D:3      | Found a shimmering altar of Xom.
  1201 | D:3      | Found a shimmering altar of Xom.
  1207 | D:3      | Found a faded altar of an unknown god.
  1324 | D:3      | Found an opulent altar of Gozag.
  1581 | D:4      | Reached skill level 5 in Armour
  1581 | D:4      | Reached XP level 6. HP: 26/52 MP: 4/7
  1705 | D:4      | Reached skill level 5 in Shields
  1705 | D:4      | Reached XP level 7. HP: 55/60 MP: 6/8
  1873 | D:5      | Entered Level 5 of the Dungeon
  1897 | D:5      | Reached skill level 6 in Armour
  1944 | D:5      | Found a sparkling altar of Nemelex Xobeh.
  2013 | D:5      | Found a staircase to the Ecumenical Temple.
  2026 | Temple   | Entered the Ecumenical Temple
  2105 | D:5      | Found Fodoorche's Tremendous Tomes.
  2109 | D:5      | Found an iron altar of Okawaru.
  2112 | D:5      | Reached skill level 5 in Fighting
  2122 | D:5      | Became a worshipper of Warmaster Okawaru
  2136 | D:5      | Reached XP level 8. HP: 45/68 MP: 9/9
  2283 | D:5      | Noticed a wyvern
  2300 | D:5      | Killed a wyvern
  2301 | D:5      | Reached skill level 5 in Axes
  2301 | D:5      | Reached skill level 7 in Armour
  2301 | D:5      | Reached skill level 1 in Invocations
  2335 | D:5      | Reached * piety under Okawaru
  2363 | D:5      | Noticed a slime creature
  2363 | D:5      | Noticed a slime creature
  2440 | D:5      | Gained mutation: You passively map the area around you.
                  | [Meteoran growth]
  2440 | D:5      | Reached XP level 9. HP: 46/75 MP: 10/12
  2445 | D:5      | Killed a slime creature
  2446 | D:5      | Reached skill level 8 in Armour
  2446 | D:5      | Killed a slime creature
  2697 | D:6      | Found a glowing drain.
  2706 | Sewer    | Entered a sewer
  2946 | Sewer    | Reached skill level 9 in Armour
  2951 | Sewer    | Reached ** piety under Okawaru
  3234 | D:6      | Reached XP level 10. HP: 54/84 MP: 12/14
  3245 | D:6      | Reached skill level 5 in Invocations
  3420 | D:7      | Reached skill level 10 in Armour
  3423 | D:7      | Reached *** piety under Okawaru
  3661 | D:7      | Found a white marble altar of Elyvilon.
  4143 | D:8      | Noticed Gastronok
  4274 | D:8      | Reached skill level 11 in Armour
  4279 | D:8      | Reached **** piety under Okawaru
  4390 | D:8      | Reached XP level 11. HP: 64/92 MP: 13/17
  4405 | D:8      | Found a broken altar of Ashenzari.
  4492 | D:8      | Killed Gastronok
  4694 | D:9      | Found Gauppi Reyz's Magic Scroll Emporium.
  4714 | D:9      | Bought a scroll of identify for 32 gold pieces
  4714 | D:9      | Bought a scroll of enchant armour for 120 gold pieces
  4864 | D:9      | Noticed a two-headed ogre
  4880 | D:9      | Killed a two-headed ogre
  4903 | D:9      | Reached ***** piety under Okawaru
  5026 | D:9      | Reached skill level 12 in Armour
  5077 | D:9      | Found an ornate altar of the Wu Jian Council.
  5077 | D:9      | Found a stormy altar of Qazlal.
  5163 | D:9      | Reached XP level 12. HP: 99/102 MP: 16/19
  5278 | D:10     | Entered Level 10 of the Dungeon
  5373 | D:10     | Noticed a two-headed ogre
  5403 | D:10     | Killed a two-headed ogre
  5403 | D:10     | Identified the +1 ring mail of the Stallion {Int+2}
                  | (Okawaru gifted it to you on level 10 of the Dungeon)
  5403 | D:10     | Received a gift from Okawaru
  5404 | D:10     | Reached skill level 10 in Shields
  5433 | D:10     | Found a staircase to the Orcish Mines.
  5526 | D:10     | Noticed an obsidian statue
  5635 | D:10     | Noticed a two-headed ogre
  5636 | D:10     | Found a shimmering blue altar of Sif Muna.
  5657 | D:10     | Killed a two-headed ogre
  5720 | D:10     | Noticed a two-headed ogre
  5733 | D:10     | Killed a two-headed ogre
  5734 | D:10     | Reached skill level 10 in Axes
  5897 | Orc:1    | Entered Level 1 of the Orcish Mines
  5917 | Orc:1    | Noticed Josephine
  5925 | Orc:1    | Noticed Fannar
  5941 | Orc:1    | Killed Josephine
  5947 | Orc:1    | Reached skill level 10 in Invocations
  5956 | Orc:1    | Killed Fannar
  5959 | Orc:1    | Reached skill level 10 in Fighting
  5959 | Orc:1    | Reached skill level 13 in Armour
  6067 | Orc:2    | Entered Level 2 of the Orcish Mines
  6136 | Orc:2    | Reached XP level 13. HP: 112/113 MP: 21/21
  6361 | Orc:1    | Received a gift from Okawaru
  6435 | Orc:2    | Found a staircase to the Elven Halls.
  6501 | Orc:1    | Noticed an ettin
  6511 | Orc:1    | Killed an ettin
  6692 | Orc:2    | Found Vimopn's General Store.
  6708 | Orc:2    | Found Egaczemm's Jewellery Shop.
  6798 | Orc:2    | Found Ymuosad's Distillery.
  6798 | Orc:2    | Found Gaatzic's Book Shop.
  6895 | Orc:2    | Bought a potion of curing for 36 gold pieces
  6895 | Orc:2    | Bought a potion of heal wounds for 60 gold pieces
  6895 | Orc:2    | Bought a potion of curing for 36 gold pieces
  6895 | Orc:2    | Bought a potion of curing for 36 gold pieces
  6895 | Orc:2    | Bought a potion of heal wounds for 60 gold pieces
  6895 | Orc:2    | Bought a potion of flight for 36 gold pieces
  6895 | Orc:2    | Bought a potion of heal wounds for 60 gold pieces
  6925 | Orc:2    | Bought a potion of might for 52 gold pieces
  6925 | Orc:2    | Bought a potion of might for 52 gold pieces
  6925 | Orc:2    | Bought a potion of cancellation for 104 gold pieces
  7077 | D:11     | Noticed a boulder beetle
  7103 | D:11     | Killed a boulder beetle
  7114 | D:11     | Reached skill level 14 in Armour
  7150 | D:11     | Found a staircase to the Lair.
  7279 | D:11     | Reached XP level 14. HP: 63/124 MP: 16/23
  7318 | D:11     | Found a white marble altar of Elyvilon.
  7340 | D:11     | Identified the +3 broad axe of Zierich {vorpal, rPois}
  7595 | Lair:1   | Entered Level 1 of the Lair of Beasts
  7622 | Lair:1   | Identified the +0 scale mail "Dinerph" {rPois rF+ Will+
                  | Int-3} (Okawaru gifted it to you on level 1 of the Lair of
                  | Beasts)
  7622 | Lair:1   | Received a gift from Okawaru
  8074 | Lair:1   | Glimpsed the power of Zot.
  8097 | Lair:2   | Noticed Urug
  8112 | Abyss:2  | Cast into level 2 of the Abyss (Urug)
  8218 | Abyss:2  | Noticed a tentacled starspawn
  8224 | Abyss:2  | Killed a tentacled starspawn
  8251 | Abyss:2  | Noticed a lich
  8263 | Abyss:2  | Killed a lich
  8272 | Abyss:2  | Noticed a tentacled starspawn
  8279 | Abyss:2  | Killed a tentacled starspawn
  8288 | Abyss:2  | Noticed a tentacled starspawn
  8301 | Abyss:2  | Killed a tentacled starspawn
  8341 | Abyss:2  | Noticed a starcursed mass
  8359 | Abyss:2  | Paralysed by accursed screaming for 1 turns
  8362 | Abyss:2  | Reached skill level 15 in Armour
  8419 | Lair:2   | Escaped the Abyss
  8426 | Lair:2   | Killed Urug
  8426 | Lair:2   | Noticed Amaemon
  8444 | Lair:2   | Killed Amaemon
  8449 | Lair:2   | You fall into a shaft and drop 1 floor!
  8569 | Lair:3   | Reached XP level 15. HP: 89/134 MP: 22/25
  8627 | Lair:3   | Found a runed translucent gate.
  8627 | Lair:3   | Found a runed translucent gate.
  8627 | Lair:3   | Found a runed translucent gate.
  8628 | Lair:3   | Noticed Xucyli Xukhlo's ghost (adept TeSu)
  8628 | Lair:3   | Noticed Xucyli Xukhlo's ghost (adept TeSu)
  8786 | Lair:2   | Found a hole to the Spider Nest.
  8883 | Lair:2   | Noticed Nergalle
  8894 | Lair:2   | Killed Nergalle
  8963 | Lair:2   | Reached ****** piety under Okawaru
  9007 | Lair:2   | Identified the +0 hat of Syadgh {rF- Will+ Dex+6} (Okawaru
                  | gifted it to you on level 2 of the Lair of Beasts)
  9007 | Lair:2   | Received a gift from Okawaru
  9047 | Lair:2   | Found a staircase to the Shoals.
  9479 | Lair:3   | Noticed a tentacled monstrosity
  9479 | Lair:3   | Noticed a tentacled monstrosity
  9483 | Lair:3   | Noticed a tentacled monstrosity
  9489 | Lair:3   | Killed Xucyli Xukhlo's ghost
  9507 | Lair:3   | Killed Xucyli Xukhlo's ghost
  9715 | Lair:4   | Found the +8 whip "Snakebite" {venom, curare, rPois}
 10135 | Lair:5   | Reached skill level 16 in Armour
 10339 | Lair:5   | Received a gift from Okawaru
 10490 | Lair:5   | Identified the +2 plate armour of the Land of Plenty
                  | {Slay+2}
 10567 | Lair:5   | Identified the +6 falchion of Kuysec {drain, rPois Int+4
                  | Dex-4}
 10603 | Lair:6   | Entered Level 6 of the Lair of Beasts
 10636 | Lair:6   | Received a gift from Okawaru
 10637 | Lair:6   | Reached XP level 16. HP: 131/145 MP: 26/26
 10775 | Lair:6   | Identified the +0 chain mail of the Harvest {*Corrode Will-
                  | MP+9 Str+8} (Okawaru gifted it to you on level 6 of the
                  | Lair of Beasts)
 10775 | Lair:6   | Received a gift from Okawaru
 10801 | Lair:6   | Reached skill level 15 in Shields
 10928 | Lair:6   | Reached skill level 15 in Axes
 10961 | Lair:6   | Found a runed translucent door.
 10961 | Lair:6   | Found a viscous altar of Jiyva.
 11070 | Lair:6   | Found a staircase to the Slime Pits.
 11393 | Spider:1 | Entered Level 1 of the Spider Nest
 11397 | Spider:1 | Noticed Azrael
 11412 | Spider:1 | Killed Azrael
 11573 | Spider:1 | Reached skill level 17 in Armour
 11766 | Spider:2 | Killed a ghost moth
 11821 | Spider:2 | Noticed Agnes
 11846 | Spider:2 | Killed Agnes
 11923 | Spider:2 | Reached XP level 17. HP: 149/154 MP: 27/27
 11938 | Spider:2 | Noticed Asterion
 11958 | Spider:2 | Killed Asterion
 12114 | Spider:2 | Noticed Arachne
 12134 | Spider:2 | Killed Arachne
 12247 | Spider:2 | Received a gift from Okawaru
 12251 | Spider:2 | Reached skill level 15 in Fighting
 12800 | Spider:3 | Reached skill level 18 in Armour
 12945 | Spider:3 | Received a gift from Okawaru
 13085 | Spider:4 | Entered Level 4 of the Spider Nest
 13189 | Spider:4 | Gained mutation: You passively map a large area around you.
                  | [Meteoran growth]
 13189 | Spider:4 | Reached XP level 18. HP: 134/166 MP: 20/28
 13459 | Spider:4 | Received a gift from Okawaru
 13733 | Spider:4 | Received a gift from Okawaru
 13860 | Spider:4 | Glimpsed the power of Zot.
 13890 | Spider:4 | Reached skill level 19 in Armour
 13914 | Spider:4 | Glimpsed the power of Zot.
 13944 | Spider:4 | Got a gossamer rune of Zot
 13944 | Spider:4 | Glimpsed the power of Zot.
 13954 | Spider:4 | Touched by the power of Zot.
 14011 | Lair:2   | Glimpsed the power of Zot.
 14061 | Lair:2   | Glimpsed the power of Zot.
 14075 | Shoals:1 | Entered Level 1 of the Shoals
 14146 | Shoals:1 | Identified the +2 robe "Taxtihi" {rPois Dex+3 Stlth+}
                  | (Okawaru gifted it to you on level 1 of the Shoals)
 14146 | Shoals:1 | Received a gift from Okawaru
 14158 | Shoals:1 | Found Wolot's Weapon Shop.
 14498 | Shoals:2 | Found Pofa's Jewellery Boutique.
 14515 | Shoals:2 | Reached XP level 19. HP: 149/153 MP: 29/29
 14552 | Shoals:2 | Found Voufosue's Weapon Emporium.
 14661 | Shoals:2 | Found Baxeuf's Book Emporium.
 14722 | Shoals:2 | Found Naplell's General Store.
 14746 | Shoals:2 | Bought 2 potions of curing for 78 gold pieces
 14746 | Shoals:2 | Bought a potion of flight for 39 gold pieces
 14746 | Shoals:2 | Bought a potion of mutation for 104 gold pieces
 14912 | Shoals:2 | Found Rudghoanu's Antique Armour Boutique.
 14924 | Shoals:2 | Bought a smoking cloak for 256 gold pieces
 14924 | Shoals:2 | Identified the +1 cloak "Vog Dis" {rPois MP+9 Dex+2} (You
                  | bought it in a shop on level 2 of the Shoals)
 15191 | Shoals:3 | Identified the +3 hand axe of the Volcano {venom, Str+4}
                  | (Okawaru gifted it to you on level 3 of the Shoals)
 15191 | Shoals:3 | Received a gift from Okawaru
 15523 | Shoals:3 | Noticed Roxanne
 15588 | Shoals:4 | Entered Level 4 of the Shoals
 15734 | Shoals:4 | Found a stormy altar of Qazlal.
 15776 | Shoals:4 | Paralysed by an air elemental for 1 turns
 15784 | Shoals:4 | Paralysed by an air elemental for 1 turns
 15789 | Shoals:4 | Received a gift from Okawaru
 15816 | Shoals:4 | Paralysed by an air elemental for 1 turns
 15905 | Shoals:4 | Reached skill level 20 in Armour
 16032 | Shoals:4 | Paralysed by an air elemental for 1 turns
 16049 | Shoals:4 | Paralysed by an air elemental for 1 turns
 16056 | Shoals:4 | Paralysed by an air elemental for 1 turns
 16060 | Shoals:4 | Paralysed by an air elemental for 1 turns
 16097 | Shoals:4 | Identified the +8 short sword "Tusoexka" {flame, rC++
                  | Int+2}
 16110 | Shoals:4 | Reached XP level 20. HP: 116/184 MP: 30/30
 16205 | Shoals:4 | Paralysed by an air elemental for 1 turns
 16210 | Shoals:4 | Paralysed by an air elemental for 1 turns
 16253 | Shoals:4 | Got a barnacled rune of Zot
 16376 | Shoals:2 | Glimpsed the power of Zot.
 16440 | Lair:3   | Glimpsed the power of Zot.
 16449 | Lair:4   | Touched by the power of Zot.
 16523 | Slime:1  | Entered Level 1 of the Pits of Slime
 16534 | Slime:1  | Identified the +2 spear "Rafas" {flame, +Blink Fly rElec
                  | Will- Dex+5} (Okawaru gifted it to you on level 1 of the
                  | Pits of Slime)
 16534 | Slime:1  | Received a gift from Okawaru
 16918 | Slime:5  | Entered Level 5 of the Pits of Slime
 16928 | Slime:5  | Identified the +3 tower shield of Qocwicoe {rF++ rC+ Str-4}
                  | (Okawaru gifted it to you on level 5 of the Pits of Slime)
 16928 | Slime:5  | Received a gift from Okawaru
 17150 | Slime:5  | Gained mutation: You sometimes lose your temper in combat.
                  | [a shining eye]
 17154 | Slime:5  | Gained mutation: You are frail. (-10% HP) [a shining eye]
 17204 | Slime:5  | Found a viscous altar of Jiyva.
 17205 | Slime:5  | Noticed the Royal Jelly
 17229 | Slime:5  | Killed the Royal Jelly
 17251 | Slime:5  | Gained mutation: Your body sometimes deteriorates upon
                  | taking damage. [a shining eye]
 17273 | Slime:5  | Reached XP level 21. HP: 61/175 MP: 31/31
 17301 | Slime:5  | Gained mutation: You are dopey. (Int -2) [a shining eye]
 17304 | Slime:5  | Gained mutation: You are weak. (Str -2) [a shining eye]
 17310 | Slime:5  | Lost mutation: You are weak. (Str -2) [potion of mutation]
 17310 | Slime:5  | Lost mutation: Your body sometimes deteriorates upon taking
                  | damage. [potion of mutation]
 17310 | Slime:5  | Lost mutation: You are frail. (-10% HP) [potion of
                  | mutation]
 17310 | Slime:5  | Gained mutation: You occasionally lose the ability to read
                  | scrolls when taking damage. [potion of mutation]
 17311 | Slime:5  | Lost mutation: You sometimes lose your temper in combat.
                  | [potion of mutation]
 17311 | Slime:5  | Lost mutation: You are dopey. (Int -2) [potion of mutation]
 17311 | Slime:5  | Lost mutation: You occasionally lose the ability to read
                  | scrolls when taking damage. [potion of mutation]
 17311 | Slime:5  | Gained mutation: You are weak. (Str -2) [potion of
                  | mutation]
 17311 | Slime:5  | Gained mutation: You possess an exceptional clarity of
                  | mind. [potion of mutation]
 17363 | Slime:5  | Got a slimy rune of Zot
 17389 | Slime:5  | Reached skill level 21 in Armour
 17621 | Lair:6   | Glimpsed the power of Zot.
 17670 | Lair:4   | Glimpsed the power of Zot.
 17709 | Lair:2   | Glimpsed the power of Zot.
 17718 | Lair:1   | Touched by the power of Zot.
 18360 | D:13     | Got the Compilation of The Black Sun
 18394 | D:13     | Learned a level 2 spell: Wereblood
 18403 | D:13     | Learned a level 8 spell: Necromutation
 18486 | D:13     | Reached skill level 1 in Transmutations
 18495 | D:13     | Reached skill level 1 in Necromancy
 18501 | D:13     | Reached skill level 1 in Spellcasting
 18584 | D:13     | Found a runed translucent gate.
 18584 | D:13     | Found a runed translucent gate.
 18584 | D:13     | Found a runed translucent gate.
 18584 | D:13     | Noticed Casuohi's ghost (journeyman DjCj)
 18599 | D:13     | Killed Casuohi's ghost
 18635 | D:13     | Found a glowing silver altar of Zin.
 18930 | D:14     | Found a gate to the Vaults.
 18981 | D:14     | Found a gate leading to a gauntlet.
 19011 | Gauntlet | Entered a Gauntlet
 19011 | Gauntlet | Found a transporter.
 19011 | Gauntlet | Found a transporter.
 19011 | Gauntlet | Found a transporter.
 19025 | Gauntlet | Found a transporter.
 19026 | Gauntlet | Found a transporter.
 19029 | Gauntlet | Found a transporter.
 19049 | Gauntlet | Found a transporter.
 19050 | Gauntlet | Found a transporter.
 19052 | Gauntlet | Found a transporter.
 19053 | Gauntlet | Found a transporter.
 19058 | Gauntlet | Found a runed translucent door.
 19064 | Gauntlet | Found a transporter.
 19065 | Gauntlet | Found a transporter.
 19249 | Gauntlet | Identified the +0 helmet of Ezef {Dex+5}
 19321 | Gauntlet | Identified the ring "Zymaol" {rCorr EV+4 Str+2}
 19336 | Gauntlet | Identified the ring of Democracy {AC+4 Str+4 Int+2}
 19353 | Gauntlet | Got Fuwechuo's Catalogue of Variation
 19355 | Gauntlet | Identified the +1 scale mail of Integrity {Harm rF+}
 19355 | Gauntlet | Identified the +3 flail of Gozag's Respect {speed, Dex+4}
 19481 | D:14     | Identified the +3 ring mail "Zipe" {rC+ SInv} (Okawaru
                  | gifted it to you on level 14 of the Dungeon)
 19481 | D:14     | Received a gift from Okawaru
 19807 | Vaults:1 | Entered Level 1 of the Vaults
 19904 | Vaults:1 | Reached XP level 22. HP: 204/204 MP: 32/32
 20026 | Vaults:1 | Reached skill level 5 in Transmutations
 20067 | Vaults:1 | Reached skill level 5 in Spellcasting
 20086 | Vaults:1 | Reached XP level 23. HP: 213/213 MP: 33/33
 20123 | Vaults:1 | Reached skill level 5 in Necromancy
 20213 | Vaults:1 | Noticed Saint Roka
 20226 | Vaults:1 | Killed Saint Roka
 20366 | Vaults:1 | Identified the +1 ring mail of Tulips {rElec Int+3 Dex-3}
                  | (Okawaru gifted it to you on level 1 of the Vaults)
 20366 | Vaults:1 | Received a gift from Okawaru
 20369 | Vaults:1 | Glimpsed the power of Zot.
 20422 | Vaults:1 | Glimpsed the power of Zot.
 20462 | Vaults:1 | Glimpsed the power of Zot.
 20472 | Vaults:1 | Touched by the power of Zot.
 20575 | Vaults:1 | Glimpsed the power of Zot.
 20998 | Abyss:2  | Cast into level 2 of the Abyss (a wizard)
 21000 | Abyss:2  | Found a corrupted altar of Lugonu.
 21002 | Abyss:2  | Noticed a bone dragon
 21019 | Abyss:2  | Killed a bone dragon
 21231 | Vaults:2 | Escaped the Abyss
 21278 | Vaults:2 | Reached skill level 22 in Armour
 21446 | Vaults:2 | Glimpsed the power of Zot.
 21499 | Vaults:2 | Glimpsed the power of Zot.
 21542 | Vaults:2 | Glimpsed the power of Zot.
 21553 | Vaults:2 | Touched by the power of Zot.
 21668 | Vaults:3 | Noticed Donald
 21682 | Vaults:3 | Reached XP level 24. HP: 129/148 MP: 35/35
 21686 | Vaults:3 | Killed Donald
 21697 | Vaults:3 | Found a staircase to the Crypt.
 21958 | Vaults:3 | Noticed Nikola
 21958 | Vaults:3 | Noticed Frederick
 21966 | Vaults:3 | Received a gift from Okawaru
 21976 | Vaults:3 | Killed Nikola
 21980 | Vaults:3 | Killed Frederick
 22453 | Vaults:4 | Received a gift from Okawaru
 22729 | Vaults:5 | Entered Level 5 of the Vaults
 22765 | Vaults:5 | Reached XP level 25. HP: 162/231 MP: 37/37
 22811 | Vaults:5 | Received a gift from Okawaru
 22818 | Vaults:5 | Identified the +6 dire flail "Retrix" {vorpal, Contam rPois
                  | rN+ Int+3}
 22843 | Vaults:5 | Noticed a dread lich
 22868 | Vaults:5 | Killed a dread lich
 22885 | Vaults:5 | Noticed Margery
 22895 | Vaults:5 | Killed Margery
 22909 | Vaults:5 | Reached skill level 10 in Spellcasting
 22916 | Vaults:5 | Reached skill level 10 in Transmutations
 22933 | Vaults:5 | Got the Lessons on the Union and the Wayfarer
 23034 | Vaults:5 | Received a gift from Okawaru
 23051 | Vaults:5 | Noticed a golden dragon
 23082 | Vaults:5 | Killed a golden dragon
 23121 | Vaults:5 | Got a silver rune of Zot
 23140 | Vaults:5 | Got the Codex of Reformed Beguiling
 23283 | Vaults:5 | Identified the +7 scale mail of Death Resistance {rF+}
 23356 | Vaults:5 | Noticed Mennas
 23371 | Vaults:5 | Reached skill level 10 in Necromancy
 23416 | Vaults:5 | Killed Mennas
 23429 | Vaults:5 | Reached skill level 23 in Armour
 23668 | Vaults:3 | Reached XP level 26. HP: 240/240 MP: 38/38
 23803 | D:15     | Entered Level 15 of the Dungeon
 23909 | D:15     | Found a corrupted altar of Lugonu.
 23945 | D:15     | Noticed Kirke
 23962 | D:15     | Killed Kirke
 24180 | D:15     | Noticed Louise
 24194 | D:15     | Killed Louise
 24277 | D:15     | Found a staircase to the Depths.
 24282 | Depths:1 | Entered Level 1 of the Depths
 24345 | Depths:1 | Found a radiant altar of Vehumet.
 24408 | Depths:1 | Found a one-way gateway to a ziggurat.
 24542 | Depths:1 | Received a gift from Okawaru
 24547 | Depths:1 | Found a gateway to Hell.
 24597 | Depths:1 | Found an ornate altar of the Wu Jian Council.
 24646 | Depths:1 | Found Vuyth's Jewellery Shop.
 24646 | Depths:1 | Found Dirous's Book Emporium.
 24647 | Depths:1 | Found Egroav's Book Emporium.
 24687 | Depths:2 | Noticed a caustic shrike
 24688 | Depths:2 | Found a corrupted altar of Lugonu.
 24695 | Depths:2 | Noticed a caustic shrike
 24708 | Depths:2 | Killed a caustic shrike
 24711 | Depths:2 | Killed a caustic shrike
 24715 | Depths:2 | Identified the +1 kite shield "Zoacoa" {+Blink} (Okawaru
                  | gifted it to you on level 2 of the Depths)
 24715 | Depths:2 | Received a gift from Okawaru
 24865 | Depths:2 | Found Roomm's Vocational Training.
 24884 | Depths:2 | Bought a manual of Invocations for 1680 gold pieces
 25294 | Depths:2 | Found a one-way gate to the infinite horrors of the Abyss.
 25322 | Depths:2 | Found a one-way gate leading to the halls of Pandemonium.
 25501 | Depths:3 | Reached XP level 27. HP: 158/250 MP: 40/40
 25533 | Depths:3 | Found a shimmering blue altar of Sif Muna.
 25840 | Depths:3 | Found Axavurar's Antique Armour Shoppe.
 25841 | Depths:3 | Found Cozem's Jewellery Emporium.
 25850 | Depths:3 | Bought the amulet "Saewykorch" {RegenMP rF+ Regen+ MP+9}
                  | for 1258 gold pieces
 25921 | Depths:3 | Voluntarily entered the Abyss.
 26016 | Abyss:2  | Identified the +4 war axe of Punishment {vamp, rCorr Dex+4}
                  | (Okawaru gifted it to you on level 2 of the Abyss)
 26016 | Abyss:2  | Received a gift from Okawaru
 26875 | Abyss:3  | Gained mutation: You occasionally shout uncontrollably at
                  | your foes. [a neqoxec]
 26881 | Abyss:3  | Gained mutation: You are robust. (+10% HP) [a neqoxec]
 26990 | Abyss:3  | Received a gift from Okawaru
 27025 | Abyss:3  | Paralysed by accursed screaming for 1 turns
 27387 | Abyss:4  | Gained mutation: Armour fits poorly on your strangely
                  | shaped body. [a neqoxec]
 27397 | Abyss:4  | Lost mutation: You are robust. (+10% HP) [a neqoxec]
 27449 | Abyss:4  | Paralysed by accursed screaming for 1 turns
 27497 | Abyss:4  | Got an abyssal rune of Zot
 27548 | Depths:3 | Escaped the Abyss
 27601 | Depths:3 | Reached skill level 24 in Armour
 27730 | Depths:4 | Entered Level 4 of the Depths
 28242 | Depths:4 | Identified the +1 pair of boots "Xaes" {rN++} (Okawaru
                  | gifted it to you on level 4 of the Depths)
 28242 | Depths:4 | Received a gift from Okawaru
 28264 | Depths:4 | Reached skill level 15 in Necromancy
 28403 | Depths:4 | Found a gate to the Realm of Zot.
 28410 | Zot:1    | Entered Level 1 of the Realm of Zot
 28599 | Depths:2 | Glimpsed the power of Zot.
 28611 | Pan      | Entered Pandemonium
 28725 | Pan      | Noticed Ocuckas the pandemonium lord
 28766 | Pan      | Killed Ocuckas the pandemonium lord
 28920 | Pan      | Noticed Zufil the pandemonium lord
 28948 | Pan      | Killed Zufil the pandemonium lord
 29198 | Pan      | Noticed Hippof the pandemonium lord
 29199 | Pan      | Gained mutation: Your body sometimes deteriorates upon
                  | taking damage. [a neqoxec]
 29217 | Pan      | Killed Hippof the pandemonium lord
 29384 | Pan      | Noticed Waucayc the pandemonium lord
 29403 | Pan      | Killed from afar by Waucayc the pandemonium lord

Illustrated notes

Levels and vault maps discovered:
D:1:      dpeg_arrival_short_road, layout_basic, serial_forest,
          infiniplex_forest_clump_tiny, infiniplex_forest_zigzag_1,
          infiniplex_forest_clump_medium, infiniplex_forest_lined_2,
          infiniplex_forest_lined_room_, minmay_close_crescents
D:2:      layout_basic, hangedman_feature_mirror, dk_noncrumbling_4,
          dk_noncrumbling_2, chequers_big_river, kennysheep_generic_room_2
D:3:      layout_basic, nicolae_overflow_hidden_temple, xom_redecorated,
          hellmonk_ecumenical_altar_heavens_door
D:4:      layout_rooms
D:5:      cheibrodos_fertilizer, layout_rooms,
          mainiacjoe_overflow_concentric_impassable,
          nemelex_diamond_rough_becter, temple_fountains,
          nicolae_shop_i_like_big_books
D:6:      layout_basic, portal_sewer_entry_b, dk_noncrumbling_3
D:7:      layout_loops_ring, nicolae_overflow_crystal_walls
D:8:      layout_rooms, mainiacjoe_overflow_cross_hatched, uniq_gastronok
D:9:      layout_layer_cave, gammafunk_temple_overflow_pools,
          nicolae_stop_n_shop_1, grunt_ministairs_3, st_stairs_11
D:10:     layout_rooms, mainiacjoe_overflow_brackets, erik_orc_2,
          minmay_statue_bubble
D:11:     layout_roguey, erik_lair_dragon, elyvilon_altar_3
D:12:     layout_gridville, chequers_garden, st_stairs_2
D:13:     dreamdust_black_sun_cult, layout_cave_pools,
          gammafunk_ghost_necromancy, zin_scriptorium
D:14:     layout_loops_ring, david_vaults_5, roderic_serpentine_path,
          gauntlet_entry_generic, serial_bayou, serial_bayou_pond_d,
          serial_bayou_crossing, serial_bayou_shore_b, serial_bayou_ford_a
D:15:     grunt_enter_depths_magical_seal, layout_basic, serial_park_tiny_pond,
          tgw_lugonu_bribe, uniq_kirke, uniq_louise
Temple:   nicolae_temple_ecumenical_triangle
Lair:1:   layout_regular_city, serial_bayou, serial_bayou_lake_a,
          serial_bayou_lagoon_a, serial_bayou_shore_a, serial_bayou_pond_d
Lair:2:   layout_cave_pods, shoals_dummy_entry,
          nicolae_spider_entry_non_spiders, chequers_serial_rivers_micro_c,
          minmay_shattered_shrine, uniq_nergalle, uniq_amaemon, uniq_urug
Lair:3:   layout_long_grid, gammafunk_ghost_cemetery
Lair:4:   minmay_guarded_unrand_snakebite, layout_long_grid, beast_lair_carwin_2
Lair:5:   layout_regular_city, nicolae_lair_run_with_the_wolves,
          lemuel_fruit_fields
Lair:6:   gammafunk_lair_ancient_temple, layout_gridlike, slime_entry_2
Shoals:1: layout_shoals, serial_shops, shop
Shoals:2: layout_shoals, serial_shops,
          nicolae_shop_temple_entry_statues_fountains, nicolae_shop_statue_plus,
          nicolae_diamond_shop, shop, nicolae_shop_bloodbath_and_beyond
Shoals:3: layout_shoals, nicolae_shoals_spring_well_temple, uniq_roxanne
Shoals:4: shoals_end_hellmonk_storm_palace [storm_palace_center_ruins,
          storm_palace_corner_blocked, storm_palace_corner_altar,
          storm_palace_corner_pillars, storm_palace_corner_narrow]
Spider:1: layout_spider_delve, nicolae_spider_some_kinda_spiderbox, uniq_azrael
Spider:2: layout_spider_delve, drop_trap, uniq_arachne, uniq_asterion,
          uniq_agnes
Spider:3: layout_spider_delve
Spider:4: floodkiller_spider_rune_tomb
Slime:1:  layout_caves, cheibrodos_slime_lost_civilization_4
Slime:2:  layout_caves, nicolae_slime_round_cave
Slime:3:  layout_caves
Slime:4:  layout_caves
Slime:5
Orc:1:    layout_diamond_mine, uniq_fannar, uniq_josephine
Orc:2:    st_orc_town, layout_diamond_mine
Vaults:1: gammafunk_the_bubble [the_bubble_gammafunk_split],
          vaults_room_corners, nicolae_vaults_angled_halls,
          nicolae_vaults_three_branches, nicolae_vaults_windows_and_doors_thing,
          nicolae_vaults_asterisk, vaults_room_octagon, v_rooms_6,
          vaults_room_grunt_arrival_ludios, nicolae_vaults_little_squares_2,
          layout_vaults_big_cross, uniq_saint_roka
Vaults:2: vaults_mumra_hexcomb, nicolae_vaults_big_angled_halls,
          ontoclasm_vaults_fault, vaults_room_fours, hangedman_vaults_trim,
          ontoclasm_vaults_chip, v_alt_pattern_1, hangedman_vaults_slice,
          layout_vaults_quadrants
Vaults:3: minmay_crypt_entry_vampire_xt, v_misc_19, ontoclasm_vaults_misaligned,
          grunt_vaults_diagonal, vaults_room_grid,
          vaults_mumra_minichess_inversion, vaults_dpeg_ring,
          layout_vaults_chaotic_city, uniq_frederick, uniq_donald, uniq_nikola
Vaults:4: ontoclasm_vaults_gateway, v_misc_4, v_misc_28,
          nicolae_vaults_mini_display_case, hangedman_vaults_slither,
          ontoclasm_vaults_spin, nicolae_vaults_diagonal_hallway_6,
          grunt_vaults_twisty, layout_vaults_maze_snakey
Vaults:5: uniq_margery, uniq_mennas
Depths:1: layout_cross, enter_ziggurat_c, grunt_hell_horde, lemuel_statue_altar,
          vehumet_crystals, minmay_shop_grove
Depths:2: minmay_the_grid_square_5x5_4x4 [minmay_the_grid_square_5x5_one_wall,
          minmay_the_grid_square_5x5_three_small,
          minmay_the_grid_square_5x5_two_walls_a, minmay_the_grid_square_5x5_n,
          minmay_the_grid_square_5x5_lines,
          minmay_the_grid_square_5x5_prize_open,
          minmay_the_grid_square_5x5_prize_gold,
          minmay_the_grid_square_5x5_two_walls_b,
          minmay_the_grid_square_5x5_checkered,
          minmay_the_grid_square_5x5_prize_snowflake,
          minmay_the_grid_square_5x5_prize_open,
          minmay_the_grid_square_5x5_minibox,
          minmay_the_grid_square_5x5_spiral_small,
          minmay_the_grid_square_5x5_meh, minmay_the_grid_square_5x5_plus,
          minmay_the_grid_square_5x5_pentomino_r], layout_cave_shapes,
          hell_entry, amcnicky_mini_rare_corridor_liquid,
          rand_demon_pan_entry_3, abyss_entry_flame_altar,
          nicolae_shop_vocational, infiniplex_staircase_pillars_2
Depths:3: minmay_bloctagon_deflated, layout_long_grid,
          chequers_serial_rivers_small_b, hangedman_abyss_entry_splay,
          hell_entry, led_sif_pool, minmay_shoptagon
Depths:4: evilmike_zot_entry_diamond, layout_honeycomb, hellmouth_1,
          minivault_14, grunt_ministairs_2
Zot:1:    cheibrodos_zot_enchanting_chambers, layout_twisted_circle
Pan:      evilmike_mini_pan_thingy, layout_stronghold, pan_blood_fountain,
          nicolae_pan_strange_glyphs [nicolae_pan_strange_glyph_despair,
          nicolae_pan_strange_glyph_regret], reaverb_pan_figure_eight,
          evilmike_mini_pan_possible_glass, layout_chambers,
          evilmike_mini_pan_rooms, layout_onion_city, pan_disco_hall,
          layout_onion_city, nicolae_pan_mnolegish_4

Skill      XL: |  1  2  3  4  5  6  7  8  9 10 11 12 13 14 15 16 17 18 19 20 21 22 23 24 25 26 27 |
---------------+----------------------------------------------------------------------------------+-----
Shields        | 4 5 6 7 8 9 10 12 13 14 15 16 17 18 19 20 21 22 23 | 23.6
Axes           | 3 4 5 6 7 9 10 11 13 14 15 16 17 18 19 20 21 22 23 | 23.5
Armour         | 4 5 6 7 9 11 12 13 14 15 16 17 18 19 20 21 22 23 24 | 24.4
Dodging        | 1 |  1.0
Fighting       | 4 5 6 7 8 10 11 12 13 14 15 16 17 18 19 20 21 | 21.9
Invocations    | 2 4 6 8 10 11 12 | 12.0
Transmutations | 4 5 7 9 10 12 14 | 14.0
Necromancy     | 4 6 8 10 12 15 | 15.7
Spellcasting   | 4 5 7 9 10 12 14 | 14.1

Action                   |  1- 3 |  4- 6 |  7- 9 | 10-12 | 13-15 | 16-18 | 19-21 | 22-24 | 25-27 || total
-------------------------+-------+-------+-------+-------+-------+-------+-------+-------+-------++-------
Melee: War axe           |    87 |   149 |   276 |   540 |       |       |       |       |       ||  1052
       Broad axe         |       |       |       |   101 |   928 |  1201 |  1337 |   888 |  2272 ||  6727
Throw: Dart              |       |       |       |     1 |       |       |       |       |       ||     1
       Throwing net      |       |       |       |       |       |       |     1 |       |       ||     1
 Cast: Wereblood         |       |       |       |       |       |       |       |       |     1 ||     1
Invok: Heroism           |       |       |     2 |    12 |    16 |    18 |    22 |    10 |    37 ||   117
       Finesse           |       |       |       |     2 |     5 |     6 |     4 |     4 |    17 ||    38
Evoke: Wand              |       |       |       |    15 |     1 |       |       |       |       ||    16
  Use: Scroll            |       |       |     8 |    11 |     8 |     9 |     8 |       |    13 ||    57
       Potion            |       |       |       |     2 |       |     4 |     9 |     1 |     4 ||    20
 Stab: Held in net/web   |       |       |       |       |       |       |     3 |       |       ||     3
Armor: Scale mail        |    53 |       |       |       |       |       |       |       |       ||    53
       Plate armour      |    15 |    19 |       |       |       |       |       |       |       ||    34
       Gold dragon scale |       |   131 |   256 |   447 |   588 |   836 |   719 |   317 |   704 ||  3998
Dodge: Dodged            |    33 |    30 |    49 |   135 |   177 |   312 |   280 |   159 |   299 ||  1474
Block: Buckler           |    24 |    60 |    96 |   103 |       |       |       |       |       ||   283
       Kite shield       |       |       |       |   251 |   749 |  1139 |  1041 |       |       ||  3180
       Tower shield      |       |       |       |       |       |       |   106 |   926 |  2065 ||  3097

Table legend: (Time is in decaauts)
 A = Elapsed time spent in this place.
 B = Non-inter-level travel time spent in this place.
 C = Inter-level travel time spent in this place.
 D = Time resting spent in this place.
 E = Time spent auto-exploring this place.
 F = Levels seen in this place.
 G = Mean time per level.
                   A        B        C        D        E       F      G
               +--------+--------+--------+--------+--------+-----+--------+
         Total |  28067 |  25608 |   2459 |     22 |     40 |  58 |  483.9 |
       Dungeon |   8463 |   7643 |    820 |      0 |      0 |  15 |  564.2 |
        Temple |     40 |     35 |      5 |      0 |      0 |   1 |   40.0 |
          Lair |   3814 |   3237 |    577 |      0 |      0 |   6 |  635.7 |
        Shoals |   2339 |   2159 |    180 |      3 |      0 |   4 |  584.8 |
   Spider Nest |   2457 |   2240 |    217 |      0 |      0 |   4 |  614.2 |
    Slime Pits |    959 |    843 |    116 |     19 |      0 |   5 |  191.8 |
  Orcish Mines |   1034 |    978 |     56 |      0 |      0 |   2 |  517.0 |
        Vaults |   3252 |   2974 |    278 |      0 |      0 |   5 |  650.4 |
        Depths |   2311 |   2104 |    207 |      0 |      0 |   4 |  577.8 |
           Zot |     55 |     55 |      0 |      0 |      0 |   1 |   55.0 |
         Abyss |   1917 |   1917 |      0 |      0 |     40 |   5 |  383.4 |
   Pandemonium |    635 |    635 |      0 |      0 |      0 |   4 |  158.8 |
         Sewer |    431 |    431 |      0 |      0 |      0 |   1 |  431.0 |
      Gauntlet |    354 |    354 |      0 |      0 |      0 |   1 |  354.0 |
               +--------+--------+--------+--------+--------+-----+--------+

Top non-repeatable levels by time:
 Abyss:2: 1153 daAuts
  Lair:2: 805 daAuts
  Lair:6: 781 daAuts
Vaults:1: 779 daAuts
Vaults:2: 779 daAuts
Spider:4: 772 daAuts
    D:14: 771 daAuts
Spider:2: 771 daAuts
     D:9: 729 daAuts
Depths:2: 717 daAuts
     D:7: 701 daAuts
Shoals:4: 700 daAuts
    D:10: 687 daAuts
     D:5: 658 daAuts
   Orc:2: 654 daAuts
